 Dungeon Crawl Stone Soup version 0.29-a0-334-gb41bcbb86e (webtiles) character file.

Game seed: 13462498980387593453

21 spaghetti the Gusty (level 2, -6/17 HPs)
             Began as an Octopode Air Elementalist on Apr 14, 2022.
             Mangled by an iguana (12 damage)
             ... on level 2 of the Dungeon.
             The game lasted 00:02:42 (1272 turns).

spaghetti the Gusty (Octopode Air Elementalist)     Turns: 1272, Time: 00:02:43

Health: -6/17      AC:  1    Str:  7    XL:     2   Next: 87%
Magic:  0/5        EV: 13    Int: 17    God:
Gold:   37         SH:  0    Dex: 12    Spells: 4/5 levels left

rFire   . . .      SeeInvis .   (no weapon)
rCold   . . .      Faith    .   (no shield)
rNeg    . . .      Spirit   +   (helmet restricted)
rPois   .          Reflect  .   g - amulet of guardian spirit
rElec   .          Harm     .   e - ring of resist corrosion
rCorr   +          Rampage  .   (no ring)
Will    .....                   (no ring)
Stlth   +++.......              (no ring)
HPRegen 0.05/turn               (no ring)
MPRegen 0.09/turn               (no ring)
                                (no ring)
                                (no ring)

@: no status effects
A: almost no armour, amphibious, 8 rings, camouflage 1, gelatinous body 1,
(nimble swimmer 1), tentacles
a: no special abilities


You were on level 2 of the Dungeon.
You visited 1 branch of the dungeon, and saw 2 of its levels.

You collected 37 gold pieces.


Innate Abilities, Weirdness & Mutations

You cannot wear most types of armour.
You are amphibious.
You can wear up to eight rings at the same time.
Your skin changes colour to match your surroundings (Stealth+).
Your rubbery body absorbs attacks. (AC +1, EV +1)
((You are camouflaged when in or above water. (Stealth+)))
You have tentacles for arms and can constrict up to eight enemies at once.


   Skills:
 - Level 2.0 Dodging
 - Level 2.6 Stealth
 + Level 2.1 Spellcasting
 - Level 1.0 Conjurations
 + Level 3.9 Air Magic


You had 4 spell levels left.
You knew the following spells:

 Your Spells              Type           Power      Damage    Failure   Level
a - Shock                 Conj/Air       40%        1d5       7%          1

Your spell library contained the following spells:

 Spells                   Type           Power      Damage    Failure   Level
 Static Discharge         Conj/Air       10%        N/A       11%         2
 Swiftness                Air            15%        N/A       11%         3
 Ensorcelled Hibernation  Hex/Ice        2%         N/A       28%         2
 Passwall                 Tmut/Erth      0%         N/A       28%         2
 Airstrike                Air            7%         N/A       36%         4
 Gell's Gravitas          Tloc           1%         N/A       50%         3
 Teleport Other           Tloc           1%         N/A       50%         3
 Animate Dead             Necr           0%         N/A       88%         4
 Dispersal                Tloc           0%         N/A       100%        6
 Haunt                    Necr/Summ      0%         N/A       100%        7
 Infestation              Necr           0%         N/A       100%        8

Inventory:

Hand Weapons
 f - a +0 club {mace}
   (You took it off a kobold on level 1 of the Dungeon)
 i - a +0 club {mace}
   (You took it off a kobold on level 1 of the Dungeon)
 j - a +0 dagger {short}
   (You took it off a goblin on level 1 of the Dungeon)
 l - a +0 halberd {polearm}
   (You found it on level 2 of the Dungeon)
Missiles
 h - 56 stones {throwing}
Jewellery
 e - a ring of resist corrosion (left tentacle)
   (You found it on level 1 of the Dungeon)
 g - an amulet of guardian spirit (around mantle)
   (You found it on level 1 of the Dungeon)
Scrolls
 c - 4 scrolls of identify {unknown}
 k - a scroll of teleportation {unknown}
Potions
 a - 3 potions of magic

Dungeon Overview and Level Annotations

Branches:
Dungeon (2/15)

Altars:

Shops:
D:1

[:*!
..........####
.# ..........#
.# ..........#
.# .........##
#.#
.#......#####
#.#
######.....#
#.#
#####.###.#
#..lā€ .#
####@.# #..#
##.### #....#
#....# #....#
#....# #....#
#....#


You could see an iguana.


Message History

You kill the endoplasm! šŸ˜Ž MP[-1]
You lost 1 mp, and now have 3/5 mp.
Casting: Shock (safe; 7% risk of failure)
Confirm with . or Enter, or press ? or * to list all spells.
You can't see any susceptible monsters within range! (Use Z to cast anyway.)
You pick up a book of Burglary and begin reading...
You add the spells Passwall and Ensorcelled Hibernation to your library.
Unknown command.
You start resting. šŸ˜Ž MP[+2]
Your mp is fully restored (5).
An iguana comes into view.
The iguana hisses angrily.
An iguana is nearby!
An iguana is nearby!
An iguana is nearby!
An iguana is nearby!
Casting: Shock (safe; 7% risk of failure)
Confirm with . or Enter, or press ? or * to list all spells.
Aiming: Shock (safe; 7% risk of failure)
Press: ? - help, Shift-Dir - straight line, f - iguana
Aim: an iguana (72% to hit)
The zap hits the iguana. šŸ˜Ž MP[-1]
You lost 1 mp, and now have 4/5 mp.
Casting: Shock (safe; 7% risk of failure)
Confirm with . or Enter, or press ? or * to list all spells.
Aiming: Shock (safe; 7% risk of failure)
Press: ? - help, Shift-Dir - straight line, f/p - iguana
Aim: an iguana (lightly wounded, 72% to hit)
The zap misses the iguana. šŸ˜Ž MP[-1]
You lost 1 mp, and now have 3/5 mp.
Casting: Shock (safe; 7% risk of failure)
Confirm with . or Enter, or press ? or * to list all spells.
Aiming: Shock (safe; 7% risk of failure)
Press: ? - help, Shift-Dir - straight line, f/p - iguana
Aim: an iguana (lightly wounded, 72% to hit)
The zap hits the iguana. šŸ˜Ž MP[-1]
You lost 1 mp, and now have 2/5 mp.
Casting: Shock (safe; 7% risk of failure)
Confirm with . or Enter, or press ? or * to list all spells.
Aiming: Shock (safe; 7% risk of failure)
Press: ? - help, Shift-Dir - straight line, f/p - iguana
Aim: an iguana (lightly wounded, 72% to hit)
You miscast Shock.
You are very lightly contaminated with residual magic.
Nothing appears to happen. šŸ˜Ž MP[-1]
You lost 1 mp, and now have 1/5 mp.
Casting: Shock (safe; 7% risk of failure)
Confirm with . or Enter, or press ? or * to list all spells.
Aiming: Shock (safe; 7% risk of failure)
Press: ? - help, Shift-Dir - straight line, f/p - iguana
Aim: an iguana (lightly wounded, 72% to hit)
The zap hits the iguana. šŸ˜Ž MP[-1]
You lost 1 mp, and now have 0/5 mp.
Casting: Shock (safe; 7% risk of failure)
Confirm with . or Enter, or press ? or * to list all spells.
You don't have enough magic to cast this spell.
Casting: Shock (safe; 7% risk of failure)
Confirm with . or Enter, or press ? or * to list all spells.
You don't have enough magic to cast this spell.
Your magical contamination has completely faded away. šŸ˜Ž MP[+1]
Casting: Shock (safe; 7% risk of failure)
Confirm with . or Enter, or press ? or * to list all spells.
Aiming: Shock (safe; 7% risk of failure)
Press: ? - help, Shift-Dir - straight line, f/p - iguana
Aim: an iguana (moderately wounded, 72% to hit)
The zap hits the iguana.
The iguana barely misses you. šŸ˜Ž MP[-1]
You lost 1 mp, and now have 0/5 mp.
The iguana attacks as you move away! The iguana barely misses you.
The iguana attacks as you move away! The iguana bites you!
Ouch! That really hurt!
* * * LOW HITPOINT WARNING * * *
šŸ˜Ø HP[-9]
You take 9 damage, and now have 8/17 hp.
MASSIVE DAMAGE!! (PAUSE)
Okay, then.
Sorry, you're not good enough to have a special ability.
Okay, then.
Okay, then.
As you read the scroll labelled XEIWAS ZARRI, it crumbles to dust.
You hear a loud clanging noise!
It was a scroll of noise.
You hear a shout!
You hear an angry hiss.
You hear a shout!
The iguana bites you.
* * * LOW HITPOINT WARNING * * *
šŸ˜Ø HP[-2]
You take 2 damage, and now have 6/17 hp.
As you read the scroll labelled PIBABI HILACA, it crumbles to dust.
You speak a Word of immense power!
It was a scroll of holy word.
The iguana bites you!
Ouch! That really hurt!
You die...

Action                   || total
-------------------------++-------
 Cast: Shock             ||    39
  Use: Scroll            ||     2
Armor: Skin              ||     3
Dodge: Dodged            ||     9

Levels and vault maps discovered:
D:1:      lightli_arrival_flooded_house, layout_basic, serial_shops,
          nicolae_shop_trees, nicolae_shop_behind_doors,
          nicolae_shop_advertising_works [nicolae_subvault_shop_adworks],
          nicolae_shop_trees
D:2:      layout_rooms, shapermc_ecumenical_altar_pompeii, serial_park_tiny_2

Notes
Turn   | Place    | Note
-------+----------+-------------------------------------------
     0 | D:1      | spaghetti the Octopode Air Elementalist began the quest for
                  | the Orb.
     0 | D:1      | Reached XP level 1. HP: 11/11 MP: 3/3
     0 | D:1      | magus.rc [v1.9.6]
   290 | D:1      | Found Coqos's Armour Boutique.
   322 | D:1      | Reached XP level 2. HP: 17/17 MP: 1/5
   383 | D:1      | You pick up a book of Death and begin reading...
   383 | D:1      | You add the spells Animate Dead, Haunt and Infestation to
                  | your library.
   507 | D:1      | Found Urem Xec's Book Emporium.
   531 | D:1      | Found Qazamoti's General Store.
   576 | D:1      | Found Pepto's Distillery.
   787 | D:1      | You pick up a book of Air and begin reading...
   965 | D:1      | You add the spells Gell's Gravitas, Teleport Other and
                  | Dispersal to your library.
  1232 | D:2      | You pick up a book of Burglary and begin reading...
  1232 | D:2      | You add the spells Passwall and Ensorcelled Hibernation to
                  | your library.
  1272 | D:2      | Mangled by an iguana

Vanquished Creatures
  A dart slug (D:1)
  3 bats
  3 endoplasms
  A goblin (D:1)
  A quokka (D:1)
  4 ball pythons (D:1)
  A frilled lizard (D:2)
  2 kobolds (D:1)
  4 rats
20 creatures vanquished.

Table legend:
 A = Non-vault XP
 B = Vault XP
 C = Vault XP percentage of total XP
 D = Non-vault monster count
 E = Vault monster count
 F = Vault count percentage of total count
                 A         B        C        D         E       F
            +---------+---------+-------+---------+---------+-------
      Total |      31 |       0 |   0.0 |      20 |       0 |   0.0
            +---------+---------+-------+---------+---------+-------
        D:1 |      24 |       0 |   0.0 |      15 |       0 |   0.0
        D:2 |       7 |       0 |   0.0 |       5 |       0 |   0.0
            +---------+---------+-------+---------+---------+-------

Illustrated notes

Table legend:
 A = Kills in this place as a percentage of kills in entire the game.
 B = Kills by you in this place as a percentage of kills by you in the entire game.
 C = Kills by friends in this place as a percentage of kills by friends in the entire game.
 D = Other kills in this place as a percentage of other kills in the entire game.
 E = Experience gained in this place as a percentage of experience gained in the entire game.
 F = Experience gained in this place divided by the number of levels of this place that you have seen.
                   A       B       C       D       E      F
               +-------+-------+-------+-------+-------+----------------------
         Total | 100.0 | 100.0 |   N/A |   N/A | 100.0 |  15.5
       Dungeon | 100.0 | 100.0 |   N/A |   N/A | 100.0 |  15.5
               +-------+-------+-------+-------+-------+----------------------

Table legend: (Time is in decaauts)
 A = Elapsed time spent in this place.
 B = Non-inter-level travel time spent in this place.
 C = Inter-level travel time spent in this place.
 D = Time resting spent in this place.
 E = Time spent auto-exploring this place.
 F = Levels seen in this place.
 G = Mean time per level.
                   A        B        C        D        E       F      G
               +--------+--------+--------+--------+--------+-----+--------+
         Total |   1271 |   1238 |     33 |     72 |   1054 |   2 |  635.5 |
       Dungeon |   1271 |   1238 |     33 |     72 |   1054 |   2 |  635.5 |
               +--------+--------+--------+--------+--------+-----+--------+

Top non-repeatable levels by time:
     D:1: 1088 daAuts
     D:2: 182 daAuts
